 Dungeon Crawl Stone Soup version 0.21.0-37-g46506fa (webtiles) character file.

49 pstr the Digger (level 3, 0/28 HPs)
             Began as a Naga Earth Elementalist on Feb 1, 2018.
             Slain by an adder (2 damage)
             ... on level 2 of the Dungeon.
             The game lasted 00:03:05 (1732 turns).

pstr the Digger (Naga Earth Elementalist)           Turns: 1732, Time: 00:03:06

Health: 0/28       AC:  2    Str: 10    XL:     3   Next: 77%
Magic:  1/6        EV: 10    Int: 16    God:
Gold:   106        SH:  0    Dex: 11    Spells: 3/7 levels left

rFire    . . .     SeeInvis +   (no weapon)
rCold    . . .     Gourm    .   (no shield)
rNeg     . . .     Faith    .   c - +0 robe
rPois    +         Spirit   .   (no helmet)
rElec    .         Reflect  .   (no cloak)
rCorr    .         Harm     .   (no gloves)
MR       .....                  (no barding)
Stlth    ++........             (no amulet)
HPRegen  0.09/turn              (no ring)
MPRegen  0.10/turn              (no ring)

@: short of breath, very slow
A: large, see invisible, deformed body, poison resistance, slowness 2, slow
metabolism 1, spit poison 1, AC +1
a: Spit Poison


You were on level 2 of the Dungeon.
You were hungry.

You visited 1 branch of the dungeon, and saw 2 of its levels.

You collected 106 gold pieces.

Inventory:

Hand Weapons
 h - a cursed +0 hand axe
 i - a +0 short sword
Missiles
 b - 45 stones (quivered)
 o - 14 arrows
Armour
 c - a +0 robe (worn)
 n - a +0 leather armour
Scrolls
 a - 9 scrolls of teleportation {unknown}
 g - 2 scrolls of fear {unknown}
 j - 2 scrolls of amnesia {unknown}
 l - 2 scrolls of identify {unknown}
 m - a scroll of remove curse {unknown}
Potions
 f - 3 potions of curing {unknown}
 k - a potion of flight {unknown}
Books
 e - a book of Geomancy

   Spells                             Type                      Level
   a - Sandblast                      Earth                        1
   b - Passwall                       Transmutation/Earth          2
   c - Stone Arrow                    Conjuration/Earth            3
   d - Petrify                        Transmutation/Earth          4
   e - Lee's Rapid Deconstruction     Earth                        5
Comestibles
 d - a chunk of flesh


   Skills:
 + Level 1.7 Dodging
 + Level 3.2 Stealth
 + Level 2.6 Spellcasting
   Level 1.0 Transmutations
 + Level 3.9 Earth Magic


You had 3 spell levels left.
You knew the following spells:

 Your Spells              Type           Power        Failure   Level  Hunger
a - Sandblast             Erth           ##....       3%          1    #......
b - Stone Arrow           Conj/Erth      #.....       26%         3    ###....


Dungeon Overview and Level Annotations

Branches:
Dungeon (2/15)

Altars:

Annotations:
D:2 Terence


Innate Abilities, Weirdness & Mutations

You cannot wear boots.
Your serpentine skin is tough. (AC +1)
You have supernaturally acute eyesight. (SInv)
Armour fits poorly on your strangely shaped body.
Your system is resistant to poisons. (rPois)
You cover ground very slowly.
You have a slow metabolism.
You can spit poison.


Message History

Aiming: Sandblast
Press: ? - help, Shift-Dir - straight line, f/p - adder
Aim: an adder (lightly wounded)
The blast of sand hits the adder.
The adder is heavily wounded.
b - 45 stones The adder bites you.
The adder bites you. The adder bites you but does no damage.
Press: ? - help, Shift-Dir - straight line, f/p - adder
Aim: an adder (heavily wounded)
The splash of poison misses the adder.
You feel slightly more hungry. The adder completely misses you.
The adder bites you.
* * * LOW HITPOINT WARNING * * *
The adder completely misses you. The adder bites you.
* * * LOW HITPOINT WARNING * * *
There is a stone staircase leading up here.
The adder bites you.
You die...

##### #..s. #.#..
#.#.# #.#.# #.#.#
#####.#.###########
...............S@.#
#.###.###########.#
.# #.###.##
####.######.#
#.##...##
#.<........[.
#.#.....#
#.##)######.#
#.##...## #.##.#
#.# #.###..# #.##.#
#.# #.# ##.#
#.##.######.# #.#
#.##........#


You could see an adder.

Vanquished Creatures
  An adder (D:2)
  An ooze (D:1)
  2 worms (D:2)
  A dart slug (D:1)
  2 bats (D:1)
  A giant cockroach (D:1)
  2 goblins (D:1)
  4 hobgoblins
  4 jackals
  A frilled lizard (D:1)
  5 kobolds
  6 rats
30 creatures vanquished.

Notes
Turn   | Place    | Note
-------+----------+-------------------------------------------
     0 | D:1      | pstr the Naga Earth Elementalist began the quest for the Orb.
     0 | D:1      | Reached XP level 1. HP: 15/15 MP: 3/3
   126 | D:1      | Reached XP level 2. HP: 19/22 MP: 1/5
   459 | D:1      | Reached XP level 3. HP: 28/28 MP: 4/6
   465 | D:1      | Learned a level 3 spell: Stone Arrow
  1661 | D:2      | Noticed Terence
  1732 | D:2      | Slain by an adder

Action                   || total
-------------------------++-------
 Cast: Sandblast         ||    25
       Stone Arrow       ||    15
 Abil: Spit Poison       ||     6
  Eat: Ration            ||     1
Armor: Robe              ||     3
Dodge: Dodged            ||    19
